 Dungeon Crawl Stone Soup version 0.23.2-33-g5129a83184 (webtiles) character file.

Game seed: 7059706910017233589

203 FishyPogo the Vexing (level 5, 0/29 HPs)
             Began as a Deep Elf Arcane Marksman on July 23, 2019.
             Was an Initiate of Yredelemnul.
             Slain by a sky beast (6 damage)
             ... on level 6 of the Dungeon.
             The game lasted 00:29:42 (3151 turns).

FishyPogo the Vexing (Deep Elf Arcane Marksman)     Turns: 3151, Time: 00:29:42

Health: 0/29       AC:  4    Str:  7    XL:     5   Next: 51%
Magic:  12/12      EV: 13    Int: 18    God:    Yredelemnul [......]
Gold:   168        SH:  0    Dex: 16    Spells: 5/10 levels left

rFire    . . .     SeeInvis .   a - +2 whip (elec)
rCold    . . .     Gourm    .   (no shield)
rNeg     . . .     Faith    .   o - +0 leather armour
rPois    .         Spirit   .   y - +0 helmet
rElec    .         Reflect  .   (no cloak)
rCorr    .         Harm     .   (no gloves)
MR       .....                  (no boots)
Stlth    +.........             (no amulet)
HPRegen  0.09/turn              (no ring)
MPRegen  0.13/turn              (no ring)

@: very slightly contaminated
A: no striking features
a: Renounce Religion


You were on level 6 of the Dungeon.
You worshipped Yredelemnul.
Yredelemnul was noncommittal.
You were hungry.

You visited 1 branch of the dungeon, and saw 4 of its levels.
You also visited: Sewer.

You collected 168 gold pieces.

Inventory:

Hand Weapons
 a - a +2 whip of electrocution (weapon)
 b - a +1 shortbow
 l - a +0 dagger of holy wrath
Missiles
 c - 15 sling bullets
 d - 27 arrows
 g - 90 stones (quivered)
Armour
 e - a +0 robe
 i - a +0 helmet
 m - a +0 robe
 o - a +0 leather armour (worn)
 y - a +0 helmet (worn)
Scrolls
 h - 7 scrolls of identify
 s - 2 scrolls of fear {unknown}
 t - a scroll of fog {unknown}
 u - a scroll of teleportation {unknown}
 v - a scroll of magic mapping
 w - a scroll of remove curse {unknown}
Potions
 k - 5 potions of curing
 n - a potion of magic {unknown}
 p - 2 potions of lignification {unknown}
 r - 2 potions of might {unknown}
 x - a potion of cancellation {unknown}
Comestibles
 f - 2 rations
 q - 10 chunks of flesh


   Skills:
 + Level 1.5 Fighting
 + Level 0.7 Maces & Flails
 + Level 3.1 Bows
 + Level 3.2 Dodging
 * Level 3.4 Spellcasting
 * Level 5.4 Hexes
 + Level 1.3 Invocations


You had 5 spell levels left.
You knew the following spells:

 Your Spells              Type           Power        Failure   Level  Hunger
a - Slow                  Hex            ###.....     3%          2    ##.....
b - Inner Flame           Hex/Fire       ##......     22%         3    ###....

Your spell library contained the following spells:

 Spells                   Type           Power        Failure   Level  Hunger
 Corona                   Hex            ###....      2%          1    None
 Portal Projectile        Hex/Tloc       ##....       22%         3    ###....
 Cause Fear               Hex            ###.......   24%         4    ####...
 Leda's Liquefaction      Hex/Erth       ##........   58%         4    ####...


Dungeon Overview and Level Annotations

Branches:
Dungeon (3/15)

Altars:
Fedhas
Nemelex Xobeh
Qazlal
Yredelemnul
The Shining One

Annotations:
D:3 Natasha


Message History

* * * LOW HITPOINT WARNING * * *
Blink to where?
Press: ? - help, Dir - move target cursor, p - orc You are very lightly contaminated with residual magic.
As you read the scroll of blinking, it crumbles to dust.
Casting: Slow (safe; 3% risk of failure)
Confirm with . or Enter, or press ? or * to list all spells.
Aiming: Slow (safe; 3% risk of failure)
Press: ? - help, Shift-Dir - straight line, f - hornet zombie
Aim: a hornet zombie (chance to defeat MR: 71%)
The hornet zombie seems to slow down.
Found 22 stones.
g - 90 stones (gained 22)
The hornet zombie is no longer moving slowly.
There is a stone staircase leading down here.
The sky beast hits you.
* * * LOW HITPOINT WARNING * * *
The sky beast shocks you.
You die...
Your body rises from the dead as a mindless zombie.

Z#..Z####.....?.......##
#)....#
.###..##........$.....>#
#...# ##
##..................# #.###
###................# #.#
##..............<# #.#
#...............# #.#
#...............# #.# #
#.......Y......## #.# #
######.#...Z>.@....######.#
###..........##.............#
....##.####.....#############
##......#...###.#
#........### #.# #......###
#.# ######## #.# #.#


You could see a sky beast and a hornet zombie.

Vanquished Creatures
  Purgy (Sewer)
  An orc wizard (D:3)
  3 adders
  A river rat (D:3)
  2 worms
  4 orcs (D:3)
  4 goblins
  2 hobgoblins
  2 ball pythons
  3 bats
  9 frilled lizards
  9 kobolds
  7 rats
48 creatures vanquished.

Notes
Turn   | Place    | Note
-------+----------+-------------------------------------------
     0 | D:1      | FishyPogo the Deep Elf Arcane Marksman began the quest for
                  | the Orb.
     0 | D:1      | Reached XP level 1. HP: 11/11 MP: 5/5
   568 | D:1      | Reached XP level 2. HP: 16/16 MP: 6/6
   588 | D:1      | Learned a level 2 spell: Slow
  1012 | D:2      | Found a basalt altar of Yredelemnul.
  1027 | D:2      | Became a worshipper of Yredelemnul the Dark
  1075 | D:2      | Found a sparkling altar of Nemelex Xobeh.
  1102 | D:2      | Reached skill level 1 in Fighting
  1102 | D:2      | Reached XP level 3. HP: 5/20 MP: 3/8
  1377 | D:2      | Found a glowing golden altar of the Shining One.
  1870 | D:2      | Found a blossoming altar of Fedhas.
  1876 | D:2      | Found a stormy altar of Qazlal.
  2121 | D:3      | Noticed Natasha
  2160 | D:3      | HP: 1/20 [Natasha/magic dart (7)]
  2507 | D:3      | Found a glowing drain.
  2521 | Sewer    | Entered a sewer
  2577 | Sewer    | Reached XP level 4. HP: 19/25 MP: 4/9
  2583 | Sewer    | Learned a level 3 spell: Inner Flame
  2628 | Sewer    | Noticed Purgy
  2641 | Sewer    | Killed Purgy
  2641 | Sewer    | Reached skill level 5 in Hexes
  2641 | Sewer    | Reached skill level 1 in Invocations
  2641 | Sewer    | Reached XP level 5. HP: 13/29 MP: 8/11
  3081 | D:3      | You fall through a shaft for 3 floors!
  3085 | D:6      | Noticed a sky beast
  3151 | D:6      | Slain by a sky beast

Skill      XL: |  1  2  3  4 |
---------------+-------------+-----
Fighting       | 1 |  1.5
Spellcasting   | 2 3 |  3.4
Bows           | 3 |  3.1
Dodging        | 3 |  3.2
Hexes          | 5 |  5.4
Invocations    | 1 |  1.3
Maces & Flails | |  0.7

Action                   |  1- 3 |  4- 6 || total
-------------------------+-------+-------++-------
Melee: Dagger            |    14 |       ||    14
       Whip              |    50 |    25 ||    75
 Fire: Shortbow          |    85 |    22 ||   107
 Cast: Corona            |     1 |       ||     1
       Slow              |    16 |    10 ||    26
       Inner Flame       |       |     1 ||     1
  Use: Scroll            |     4 |     1 ||     5
       Potion            |       |     1 ||     1
  Eat: Chunk             |     6 |     2 ||     8
Armor: Robe              |     9 |       ||     9
       Leather armour    |     7 |     7 ||    14
Dodge: Dodged            |    76 |    15 ||    91
